[Event "Live Chess"]
[Site "Chess.com"]
[Date "2023.05.21"]
[Round "-"]
[White "bedsdrout"]
[Black "LodeshChess"]
[Result "1-0"]
[WhiteElo "898"]
[BlackElo "1175"]
[TimeControl "300"]
[EndTime "5:53:55 PDT"]
[Termination "bedsdrout won by resignation"]

1. Nc3 d5 2. Nf3 Nc6 3. d4 Bg4 4. a3 e6 5. Bf4 Nf6 6. h3 Bxf3 7.
gxf3 Be7 8. e3 a6 9. Rg1 O-O 10.
Qd3 b5 11. Bh6 g6 12. Bxf8 Bxf8 13. Be2 Na5 14. Qd2 Nc4 15. Bxc4 bxc4 16. O-O-O c5 17.
Na4 cxd4 18. Qxd4 Bg7 19. Qd2 Rb8 20. Kb1 Nd7 21. f4 Nb6 22. Nxb6 Qxb6 23. c3 Qa5 24. Ka1 Rb3 25. Rc1 Qb5 26. f5 Rxb2 27. Qxb2 Qxb2+ 28. Kxb2 a5 29. Kc2 a4 30. fxe6 fxe6 31. Rb1 Kf8 32.
Rb8+ Ke7 33. Rb7+ Kf6 34. Rg3 Bh6 35. Rxh7 Bg5 36. f4 1-0

[Event "Live Chess"]
[Site "Chess.com"]
[Date "2023.05.21"]
[Round "-"]
[White "JanMur7"]
[Black "matt1979"]
[Result "1-0"]
[WhiteElo "1962"]
[BlackElo "1540"]
[TimeControl "300"]
[EndTime "5:54:03 PDT"]
[Termination "JanMur7 won by resignation"]

1. e4 d6 2. d4 Nf6 3. Nc3 e5 4. dxe5 dxe5 5. Qxd8+ Kxd8 6. Bc4 Ke8 7. Be3 Bb4 8. f3 c6 9. Ne2 Nbd7 10. O-O Nb6 11. Bb3 Bd7 12. a3 Bd6 13. Rad1 Bc7 14. Na4 Nxa4 15. Bxa4 Ke7 16. Bc5+ Kd8 17. Bb3 Ke8 18. Nc1 b6 19. Be3 Rd8 20. Ne2 Ke7 21.
Nc3 Rhe8 22. Rd2 Kf8 23. Rfd1 Bc8 24. Rxd8 Rxd8 25. Rxd8+ Bxd8 26. Ba4 Bd7 27. Na2 c5 28.
Bxd7 Nxd7 29. Nc3 Bc7 30. Nb5 Bb8 31. c4 Nf6 32. Bg5 Ne8 33. Nc3 f6 34. Bh4 Nd6 35.
b3 Nb7 36. Bf2 Na5 37. b4 Nxc4 38. bxc5 Nxa3 39. cxb6 axb6 40. Bxb6 Bd6 41. Nd5 Nc4 42. Kf1 Nxb6 43. Nxb6 Ke7 44. Ke2 Bc5 45. Nd5+ Kd6 46. Kd3 Ke6 47. Kc4 Bd4 48. g4 g5 49. Kb5 Kd6 50. Nxf6 h6 51. Ng8 Bg1 52. h3 Bf2 53.
Nxh6 Bh4 54. Nf5+ Ke6 55. Nxh4 gxh4 56. Kc5 Kf6 57. Kd5 Kg5 58. Kxe5 1-0

[Event "Live Chess"]
[Site "Chess.com"]
[Date "2023.05.21"]
[Round "-"]
[White "viktorskliarov"]
[Black "jumush"]
[Result "1-0"]
[WhiteElo "2649"]
[BlackElo "1751"]
[TimeControl "300"]
[EndTime "5:54:03 PDT"]
[Termination "viktorskliarov won by resignation"]

1. e4 d5 2. exd5 Qxd5 3. Nc3 Qa5 4. d4 Nf6 5. Bc4 Bg4 6. f3 Bd7 7. Bd2 Qb6 8. Nge2 e6 9. O-O Nc6 10. Na4 Nxd4 11. Nxb6 Nxe2+ 12. Qxe2 axb6 13. Be3 Bc5 14. Bxc5 bxc5 15. Qe5 1-0

[Event "Live Chess"]
[Site "Chess.com"]
[Date "2023.05.21"]
[Round "-"]
[White "grillage"]
[Black "PantherCal"]
[Result "0-1"]
[WhiteElo "1793"]
[BlackElo "1791"]
[TimeControl "300"]
[EndTime "5:54:15 PDT"]
[Termination "PantherCal won by resignation"]

1. d4 d5 2. Nc3 c6 3. Bf4 Nf6 4. e3 Bf5 5. Bd3 e6 6. Nf3 Bd6 7.
O-O O-O 8. Ne5 Qc7 9. a3 Nbd7 10. Nxd7 Qxd7 11. Bxd6 Qxd6 12. Re1 Rfe8 13. e4 dxe4 14. Nxe4 Qxd4 15. Nxf6+ Qxf6 16. Bxf5 Qxf5 17. Qd7 Qb5 18.
Rad1 Qb6 19. Qd4 Rad8 20. Qh4 Rd5 21. b3 Red8 22. Rxd5 Rxd5 23. h3 Rd2 24. Re3 Rd1+ 25. Kh2 Qc7+ 26. g3 Rd2 27. Kg2 g6 28. Qf6 Qd8 29.
Qe5 Qd4 30. Qb8+ Kg7 31. Qxb7 Qxe3 0-1

[Event "Live Chess"]
[Site "Chess.com"]
[Date "2023.05.21"]
[Round "-"]
[White "Biranidun"]
[Black "CeladonFish"]
[Result "1-0"]
[WhiteElo "2524"]
[BlackElo "1136"]
[TimeControl "300"]
[EndTime "5:54:38 PDT"]
[Termination "Biranidun won by resignation"]

1. e4 d6 2. d4 Nf6 3. Nc3 g6 4. f4 Bg7 5. Bd3 O-O 6. Nf3 Bg4 7. h3 Bxf3 8. Qxf3 Nc6 9. Be3 Qd7 10. e5 dxe5 11. fxe5 Ne8 12. Ne2 f6 13. e6 Qxe6 14. d5 Qe5 15. dxc6 Qxb2 16. Bd4 Qa3 17. Bc4+ Kh8 18.
Qxa3 1-0

[Event "Live Chess"]
[Site "Chess.com"]
[Date "2023.05.21"]
[Round "-"]
[White "AMCWAML"]
[Black "nigelst"]
[Result "1-0"]
[WhiteElo "2308"]
[BlackElo "1711"]
[TimeControl "300"]
[EndTime "5:54:40 PDT"]
[Termination "AMCWAML won by resignation"]

1. e4 c6 2. d4 d5 3. e5 c5 4. h4 cxd4 5. Nf3 Nc6 6. Bb5 Bg4 7.
Qxd4 Qa5+ 8. Nc3 Bxf3 9. gxf3 Qxb5 10. Nxb5 Nxd4 11. Nxd4 e6 12. Nb5 Rc8 13. Nxa7 Rxc2 14.
a3 Bc5 15. O-O Bxa7 16. Bf4 Ne7 17. Rac1 Rxc1 18. Rxc1 O-O 19. Rc7 Ng6 20. Bg3 Bd4 21.
Rxb7 Nxe5 22. Kg2 Nd3 23. b4 Ne1+ 24. Kf1 Nxf3 25. a4 Nd2+ 26. Ke2 Nc4 27. a5 Rc8 28. a6 Ra8 29. b5 Na3 30. b6 h6 31.
a7 Bxb6 32. Rb8+ Kh7 33. Rxa8 Nb5 34. Rh8+ Kxh8 35. a8=Q+ Kh7 36. Qb7 Nd4+ 37. Kd3 Bc5 38. Qxf7 Nf5 39. Qxe6 Nxg3 40. fxg3 1-0

[Event "Live Chess"]
[Site "Chess.com"]
[Date "2023.05.21"]
[Round "-"]
[White "Nazar_777"]
[Black "zdanevych"]
[Result "1-0"]
[WhiteElo "1563"]
[BlackElo "1510"]
[TimeControl "300"]
[EndTime "5:54:48 PDT"]
[Termination "Nazar_777 won by checkmate"]

1. e3 d5 2. h4 c5 3. a3 Nc6 4. c4 d4 5. Nf3 e5 6. b3 Bg4 7. Be2 Nf6 8. Bb2 Bxf3 9. Bxf3 e4 10. Be2 d3 11. Bf1 Be7 12. Nc3 a6 13. Nd5 O-O 14. g4 Nxg4 15. Qxg4 f6 16. Rg1 Rf7 17. Bg2 Ne5 18. Qg3 Nf3+ 19. Bxf3 exf3 20. Qxf3 Bd6 21. Qg4 Be5 22. Bxe5 fxe5 23. Nf6+ Qxf6 24. Qg2 e4 25.
Rd1 Raf8 26. Rf1 Qxh4 27. b4 cxb4 28. axb4 Qe7 29. Rb1 Qe6 30. c5 Rf3 31. Rg1 R8f7 32. Qh2 Qf5 33. Rf1 Qd5 34. b5 Qxc5 35. bxa6 bxa6 36.
Rh1 h6 37. Rg1 Qf5 38. Qxh6 Rxf2 39. Rb8+ Rf8 40. Qxg7# 1-0

[Event "Live Chess"]
[Site "Chess.com"]
[Date "2023.05.21"]
[Round "-"]
[White "Geomorph"]
[Black "LL220284LL"]
[Result "0-1"]
[WhiteElo "1277"]
[BlackElo "2281"]
[TimeControl "300"]
[EndTime "5:54:54 PDT"]
[Termination "LL220284LL won on time"]

1. e4 c5 2. Nf3 d6 3. d4 cxd4 4.
Qxd4 Nc6 5. Bb5 Bd7 6. Bxc6 Bxc6 7. Nc3 Nf6 8. Bg5 h6 9. Bxf6 gxf6 10. O-O-O h5 11.
Nh4 Qa5 12. Kb1 Rg8 13. g3 O-O-O 14. Nf5 Kb8 15. Rhe1 e6 16. Nh4 Bg7 17. Qe3 Qc7 18. f4 Rc8 19. Qd3 Rgd8 20. Nf3 a6 21. Nd4 Be8 22.
Nb3 Qc4 23. Qxc4 Rxc4 24. Rd4 Rxd4 25. Nxd4 f5 26. Nb3 fxe4 27. Nxe4 Bc6 28. Ng5 Rf8 29. Nd2 Bf6 30. Nh7 Bg7 31. Nxf8 Bxf8 32. Nc4 Kc7 33.
Rd1 b5 34. Na5 Be4 35. Nb3 d5 36. Nd4 Bg7 37. Ne2 Bf3 38. Re1 Kb6 39. Ng1 Be4 40. Nh3 f6 41. Nf2 Bf5 42. Nd3 a5 43. b3 Kc6 44. Kc1 Kd6 45. Kd2 e5 46. fxe5+ fxe5 47.
a3 e4 48. Nf4 Bh6 49. Ke3 Ke5 50. Rd1 Be6 51. Rd4 h4 52. b4 a4 53. c3 Bf7 54.
Rd1 Bh5 55. Rd2 Bf7 56. Rd1 hxg3 57. hxg3 Bg5 58. Rd2 Kf5 59. Rf2 Kg4 60. Rg2 Be8 61.
Kd4 Kf3 62. Rg1 Bf6+ 0-1

[Event "Live Chess"]
[Site "Chess.com"]
[Date "2023.05.21"]
[Round "-"]
[White "JoRoSaR"]
[Black "manthanit"]
[Result "1-0"]
[WhiteElo "1690"]
[BlackElo "1086"]
[TimeControl "300"]
[EndTime "5:54:54 PDT"]
[Termination "JoRoSaR won by checkmate"]

1. e4 e6 2. d4 d6 3. b3 g6 4. Bb2 Bg7 5. Qc1 Ne7 6. d5 O-O 7. Bxg7 Kxg7 8. Qb2+ Kg8 9. c4 exd5 10. exd5 Nf5 11. Bd3 Re8+ 12. Ne2 c6 13. dxc6 Nxc6 14. O-O Be6 15. Nf4 Ne5 16. Nxe6 fxe6 17. Bxf5 exf5 18.
Nc3 Re6 19. Rad1 Qd7 20. Rd5 Rae8 21. Rfd1 Qe7 22. h3 a6 23. Qd2 b5 24. cxb5 axb5 25. Nxb5 Nf7 26. Nxd6 Nxd6 27. Rxd6 Rxd6 28. Qxd6 Qa7 29.
a4 Qb7 30. Qd5+ Qxd5 31. Rxd5 Re2 32. a5 Rb2 33. Rb5 Kf7 34. a6 Ke6 35. a7 Ra2 36.
Rb7 Kd6 37. b4 Kc6 38. Rxh7 Kb5 39. Rb7+ Ka6 40. a8=Q# 1-0

[Event "Live Chess"]
[Site "Chess.com"]
[Date "2023.05.21"]
[Round "-"]
[White "SavagePawn7"]
[Black "RockTroll"]
[Result "0-1"]
[WhiteElo "770"]
[BlackElo "2240"]
[TimeControl "300"]
[EndTime "5:55:04 PDT"]
[Termination "RockTroll won by resignation"]

1. e4 d6 2. d4 Nf6 3. Nc3 e5 4. Nf3 Nbd7 5. dxe5 dxe5 6. Bb5 c6 7. Ba4 a5 8. Bb3 b5 9. a3 Bc5 10. Ng5 O-O 11. O-O h6 12. Nxf7 Rxf7 13. Bxf7+ Kxf7 14. Qf3 Kg8 15. Be3 Qe7 16. Bxc5 Nxc5 17. Rad1 Bg4 18. Qe3 Bxd1 19. Rxd1 Ne6 20. g3 Nd4 21. Qd2 Nf3+ 0-1

[Event "Live Chess"]
[Site "Chess.com"]
[Date "2023.05.21"]
[Round "-"]
[White "DoYouLikeCurry"]
[Black "tpm07"]
[Result "0-1"]
[WhiteElo "1440"]
[BlackElo "1943"]
[TimeControl "300"]
[EndTime "5:55:11 PDT"]
[Termination "tpm07 won by resignation"]

1. e4 e5 2. Nc3 Nf6 3. f4 d5 4.
fxe5 Nxe4 5. Qf3 Nxc3 6. bxc3 c5 7. Bd3 Nc6 8. Bb5 Be6 9. d4 Be7 10. Ne2 O-O 11. O-O cxd4 12. cxd4 Qb6 13. Bd3 Nxd4 14.
Nxd4 Qxd4+ 15. Kh1 Qxe5 16. Qh3 Bxh3 0-1

[Event "Live Chess"]
[Site "Chess.com"]
[Date "2023.05.21"]
[Round "-"]
[White "Conradical12"]
[Black "The_Straightforward_Rook"]
[Result "1-0"]
[WhiteElo "1584"]
[BlackElo "1916"]
[TimeControl "300"]
[EndTime "5:55:19 PDT"]
[Termination "Conradical12 won by resignation"]

1. e4 e5 2. Nf3 Nc6 3. Bc4 Nf6 4. O-O Be7 5. Nc3 O-O 6. d3 d6 7. Be3 Na5 8. Bb3 c6 9. a3 Nxb3 10. cxb3 h6 11. Rc1 Nh7 12. d4 Bf6 13. dxe5 dxe5 14. Bc5 Qxd1 15. Rcxd1 Re8 16. b4 b6 17. Be3 Bg4 18.
Rd6 Rac8 19. b5 Bxf3 20. gxf3 cxb5 21. Nxb5 Re7 22. Rfd1 Nf8 23. Bxh6 Ne6 24. Be3 Bg5 25.
Bxg5 Nxg5 26. Kg2 1-0

[Event "Live Chess"]
[Site "Chess.com"]
[Date "2023.05.21"]
[Round "-"]
[White "Ferrarifan27"]
[Black "KeithArkell"]
[Result "0-1"]
[WhiteElo "2070"]
[BlackElo "2476"]
[TimeControl "300"]
[EndTime "5:55:25 PDT"]
[Termination "KeithArkell won by resignation"]

1. e4 e6 2. d4 d5 3. e5 c5 4. c3 Nc6 5. Nf3 Nge7 6. a3 c4 7. Be2 Na5 8. Nbd2 Bd7 9. O-O Qb6 10. Re1 O-O-O 11. Ng5 Be8 12. Rb1 h6 13.
Ngf3 Nb3 14. Nxb3 Ba4 15. Qd2 Bxb3 16. Qf4 Nf5 17. Be3 g5 18. Qg4 Be7 19. Nd2 Bc2 20. Rbc1 Nxe3 21. fxe3 Bf5 22. Qh5 Bg6 23. Qf3 Qxb2 24. a4 Qxd2 0-1

[Event "Live Chess"]
[Site "Chess.com"]
[Date "2023.05.21"]
[Round "-"]
[White "whitedjohn"]
[Black "quantum_void"]
[Result "1-0"]
[WhiteElo "1664"]
[BlackElo "1499"]
[TimeControl "300"]
[EndTime "5:55:37 PDT"]
[Termination "whitedjohn won by resignation"]

1. e4 e6 2. d4 d5 3. Nc3 Nf6 4. Bg5 dxe4 5. Nxe4 Be7 6. Nxf6+ Bxf6 7. Bxf6 Qxf6 8.
Nf3 b6 9. Bd3 Bb7 10. Qe2 O-O 11.
Be4 Bxe4 12. Qxe4 Na6 13. O-O-O c5 14. Qe5 Qh6+ 15. Qg5 Qxg5+ 16. Nxg5 Nb4 17. dxc5 bxc5 18. a3 Nc6 19. f4 Nd4 20. Rhe1 h6 21. Ne4 Rac8 22.
c3 Nc6 23. Rd7 a5 24. Red1 a4 25. Nxc5 Na5 26. Nxa4 Nb3+ 27. Kc2 Nc5 28. Nxc5 Rxc5 29. b4 Rc4 30. R1d4 Rc6 31. c4 Rfc8 32. c5 Ra6 33. Kb3 Rca8 34. Rd8+ Kh7 35. Rxa8 Rxa8 36. b5 1-0

[Event "Live Chess"]
[Site "Chess.com"]
[Date "2023.05.21"]
[Round "-"]
[White "Olisingapore"]
[Black "romchyk1219"]
[Result "1-0"]
[WhiteElo "1783"]
[BlackElo "646"]
[TimeControl "300"]
[EndTime "5:55:44 PDT"]
[Termination "Olisingapore won by resignation"]

1. d4 Nf6 2. c4 g6 3. g3 Bg7 4. Bg2 O-O 5. Nc3 d6 6. Nf3 Bf5 7. O-O Nc6 8. Re1 Ng4 9. h3 Nf6 10.
e4 Bd7 11. d5 Nb4 12. a3 Na6 13. e5 dxe5 14. Nxe5 Bc8 15. Bg5 Nc5 16. Qe2 Bf5 17. g4 Bd3 18. Nxd3 Nxd3 19. Qxd3 Qd6 20. Nb5 Qc5 21. Be3 1-0

[Event "Live Chess"]
[Site "Chess.com"]
[Date "2023.05.21"]
[Round "-"]
[White "mliszewski"]
[Black "YrrriKharkiv"]
[Result "0-1"]
[WhiteElo "1801"]
[BlackElo "2080"]
[TimeControl "300"]
[EndTime "5:55:46 PDT"]
[Termination "YrrriKharkiv won by checkmate"]

1. d4 Nf6 2. Bg5 c5 3. d5 Qb6 4. Nc3 Qxb2 5. Bd2 Qb6 6. e4 d6 7.
f4 Nbd7 8. Nf3 g6 9. e5 Ng4 10. Rb1 Qd8 11. h3 Nh6 12. Bb5 a6 13. Bxd7+ Qxd7 14. O-O Bg7 15. e6 fxe6 16. dxe6 Qxe6 17. Re1 Qc4 18.
Ne4 O-O 19. Nfg5 Nf5 20. Rb3 h6 21. Nf3 Nd4 22. Nxd4 Qxd4+ 23. Kh1 Bf5 24. Ng3 Rf7 25. Nxf5 Rxf5 26. Rxe7 b5 27. Rd3 Qf6 28. Qe2 d5 29.
Re6 Qf7 30. Ra3 d4 31. Raxa6 Rxa6 32. Rxa6 c4 33. Qg4 h5 34. Qxg6 Qxg6 35. Rxg6 c3 36. Bc1 Rd5 37. Rg5 Rxg5 38. fxg5 Kf7 39. Kg1 Ke6 40.
Kf2 Kd5 41. Ke2 Ke4 42. g3 b4 43. h4 Be5 44. g6 Kf5 45. Kd3 Kxg6 46. Bf4 Bf6 47. Kc4 Kf5 48. Kxb4 Ke4 49. a4 Bd8 50. a5 d3 51. Kxc3 Bxa5+ 52. Kb3 d2 53. Bxd2 Bxd2 54. c4 Kf3 55. c5 Kxg3 56. c6 Bf4 57. Kc4 Kxh4 58.
Kd5 Kg3 59. Ke4 h4 60. Kd3 h3 61. Kc4 h2 62. Kb5 h1=Q 63. Kb6 Qb1+ 64. Ka7 Qc2 65. Kb7 Qb3+ 66. Ka6 Qc4+ 67. Kb7 Qc5 68. c7 Qxc7+ 69. Ka6 Qb8 70. Ka5 Kf3 71. Ka4 Ke4 72. Ka3 Kd4 73. Ka2 Kc3 74. Ka1 Qb2# 0-1

[Event "Live Chess"]
[Site "Chess.com"]
[Date "2023.05.21"]
[Round "-"]
[White "MaximKhimchenko"]
[Black "Bot_Boy"]
[Result "1-0"]
[WhiteElo "1404"]
[BlackElo "334"]
[TimeControl "300"]
[EndTime "5:55:48 PDT"]
[Termination "MaximKhimchenko won on time"]

1. e4 Nc6 2. Nf3 d5 3. d4 dxe4 4. Ne5 Nxe5 5. dxe5 Qxd1+ 6. Kxd1 Bf5 7. Nc3 c6 8. Be3 e6 9. Bc4 Bb4 10. Ke2 b5 11. Nxb5 cxb5 12. Bxb5+ Kf8 13. a3 Be7 14. Rad1 f6 15. exf6 gxf6 16. c3 Rb8 17. Ba4 Rxb2+ 18. Rd2 Rxd2+ 19. Kxd2 Bxa3 20. Bxa7 Kg7 21. Rb1 Kg6 22. Ke3 Bd6 23. f4 Nh6 24. g3 Ng4+ 25. Ke2 Nxh2 26. Be3 Bg4+ 27. Kf2 Ra8 28. Bc2 Ra5 29.
f5+ Bxf5 30. g4 Nxg4+ 31. Ke2 Bc5 32. Bxc5 Rxc5 33. Rh1 Rxc3 34. Rg1 Rxc2+ 35. Kd1 1-0

[Event "Live Chess"]
[Site "Chess.com"]
[Date "2023.05.21"]
[Round "-"]
[White "sanjesh_ananda"]
[Black "Hussamalhaidar"]
[Result "0-1"]
[WhiteElo "1163"]
[BlackElo "1119"]
[TimeControl "300"]
[EndTime "5:55:53 PDT"]
[Termination "Hussamalhaidar won on time"]

1. e4 d5 2. exd5 c6 3. dxc6 Nxc6 4.
Bb5 Nf6 5. Qf3 Qb6 6. Ba4 Bd7 7. Ne2 Bg4 8. Qd3 Rd8 9. Qg3 e6 10. Nbc3 Bd6 11. Qe3 Bc5 12. Qf4 g5 13. Qxf6 Bxe2 14. Nxe2 Rg8 15. O-O Rg6 16. Qh8+ Ke7 17. Qxh7 Rdg8 18.
Bxc6 Qxc6 19. d4 Bd6 20. Qh3 g4 21. Qb3 Bxh2+ 22. Kxh2 Qd6+ 23. g3 Rh8+ 24. Kg2 Qc6+ 25. d5 exd5 26. Qe3+ Re6 27. Qg5+ Rf6 28. Bf4 d4+ 0-1

[Event "Live Chess"]
[Site "Chess.com"]
[Date "2023.05.21"]
[Round "-"]
[White "LodeshChess"]
[Black "GMHarry-youtube"]
[Result "0-1"]
[WhiteElo "1175"]
[BlackElo "2025"]
[TimeControl "300"]
[EndTime "5:55:58 PDT"]
[Termination "GMHarry-youtube won by resignation"]

1. e4 c5 2. Nf3 d6 3. d4 cxd4 4. Qxd4 Nf6 5. Be2 Nc6 6. Qe3 g6 7. h4 h5 8. Ng5 Nh7 9. g4 Nxg5 10.
Qxg5 Bh6 11. Qxh6 Rxh6 12. Bxh6 Bxg4 13. Bxg4 hxg4 14. h5 gxh5 15. Rxh5 Qb6 16. b3 Qd4 17. Be3 Qxa1 18. Rh4 Qxb1+ 0-1

[Event "Live Chess"]
[Site "Chess.com"]
[Date "2023.05.21"]
[Round "-"]
[White "gmnorfolk"]
[Black "ViktorTheCoolBoy"]
[Result "0-1"]
[WhiteElo "2139"]
[BlackElo "2461"]
[TimeControl "300"]
[EndTime "5:56:08 PDT"]
[Termination "ViktorTheCoolBoy won by resignation"]

1. d4 e6 2. c4 b6 3. e4 Bb7 4. Bd3 Nf6 5. f3 d5 6. cxd5 exd5 7. e5 Nfd7 8. Ne2 c5 9. f4 Nc6 10. Be3 Be7 11. O-O O-O 12. Nbc3 Nb4 13. Bb1 a5 14. a3 Na6 15. Qd3 g6 16. f5 c4 17. Qd2 Bc6 18. Bh6 b5 19. f6 b4 20. axb4 axb4 21. Nd1 Bc5 22. dxc5 Re8 23. Nd4 Nxe5 24. Nxc6 Nxc6 25. Ne3 Nxc5 26. Nxd5 Rxa1 27. Bxg6 Rxf1+ 28. Kxf1 hxg6 29. Bg7 Qd7 30. Qh6 Qf5+ 31.
Nf4 Qb1+ 32. Kf2 Ne4+ 33. Kf3 Qd1+ 34. Ne2 Qd3+ 35. Kg4 Qxe2+ 0-1

[Event "Live Chess"]
[Site "Chess.com"]
[Date "2023.05.21"]
[Round "-"]
[White "luckywookie"]
[Black "chessfiction"]
[Result "0-1"]
[WhiteElo "805"]
[BlackElo "2310"]
[TimeControl "300"]
[EndTime "5:56:18 PDT"]
[Termination "chessfiction won by checkmate"]

1. e4 d5 2. exd5 c6 3. d4 Nf6 4.
Nf3 Bg4 5. c4 cxd5 6. c5 Nc6 7.
Bb5 Ne4 8. Be3 Qa5+ 9. Nc3 Nxc3 10. bxc3 Qxb5 11. h3 Bxf3 12. gxf3 e5 13. Rg1 O-O-O 14. f4 exf4 15. Bxf4 Re8+ 16. Be3 Be7 17. Qg4+ Kb8 18. Qxg7 Qb2 19. Qg3+ Ka8 20. Rc1 Bh4 21. Qxh4 Rxe3+ 22.
Kf1 Qxc1+ 23. Kg2 Rg8+ 24. Kh2 Qxg1# 0-1

[Event "Live Chess"]
[Site "Chess.com"]
[Date "2023.05.21"]
[Round "-"]
[White "Vitalii18a"]
[Black "Leonid_Starozhilov"]
[Result "0-1"]
[WhiteElo "1127"]
[BlackElo "2638"]
[TimeControl "300"]
[EndTime "5:56:19 PDT"]
[Termination "Leonid_Starozhilov won by checkmate"]

1. e4 c6 2. Nf3 d5 3. e5 Bg4 4. h3 Bh5 5. g4 Bg6 6. d4 e6 7.
c3 h5 8. g5 c5 9. h4 Nc6 10. Bd3 Nge7 11. Bxg6 Nxg6 12. Be3 Qb6 13. b3 cxd4 14. Nxd4 Nxd4 15. Bxd4 Bc5 16. a4 Rc8 17.
Bxc5 Qxc5 18. b4 Qc4 19. Ra3 Qe4+ 20. Qe2 Qxh1+ 21. Kd2 O-O 22. Qd1 Qxh4 23. Kc2 Qxg5 24. Nd2 Qxe5 25. Nf3 Qe4+ 26. Kb2 h4 27. Ng5 Qf5 28.
Nf3 h3 29. a5 Ne5 30. Nxe5 Qxe5 31. Qf3 d4 32. cxd4 Qxd4+ 33. Kb3 Qd5+ 34. Qxd5 exd5 35. Ka4 Rc2 36. Rxh3 Rxf2 37. Rd3 Rd8 38. Kb5 d4 39. Kc4 Rc2+ 40. Kb3 Rc3+ 41. Rxc3 dxc3 42. Kxc3 g5 43. Kc2 g4 44. b5 g3 45. a6 b6 46. Kc3 f5 47.
Kc4 f4 48. Kc3 f3 49. Kc4 f2 50. Kc3 g2 51. Kc4 g1=R 52. Kc3 f1=R 53. Kc4 Rg5 54.
Kc3 Rf4 55. Kc2 Rd6 56. Kc3 Rh6 57. Kb3 Kf7 58. Kc3 Ke6 59. Kc2 Kd5 60. Kc3 Kc5 61. Kb3 Kxb5 62. Ka3 Kxa6 63. Kb3 Kb7 64. Kc3 a5 65.
Kd3 b5 66. Kd2 a4 67. Kd3 b4 68. Ke3 Rgg4 69. Kd2 Rh2+ 70. Kd3 Rh3+ 71. Kd2 a3 72. Kc2 b3+ 73. Kd2 a2 74. Ke2 b2 75. Kd2 b1=R 76. Ke2 a1=R 77. Kd2 Rb2# 0-1

[Event "Live Chess"]
[Site "Chess.com"]
[Date "2023.05.21"]
[Round "-"]
[White "febray_27"]
[Black "Tushinskiy"]
[Result "0-1"]
[WhiteElo "2002"]
[BlackElo "2223"]
[TimeControl "300"]
[EndTime "5:56:22 PDT"]
[Termination "Tushinskiy won by resignation"]

1. Nf3 d5 2. d4 c6 3. g3 Nf6 4. Bg2 Bg4 5. O-O Nbd7 6. c4 e6 7. Nc3 Bd6 8. b3 Qe7 9. Bb2 Ne4 10. c5 Bc7 11. Rc1 Nxc3 12. Bxc3 O-O 13. a4 Rae8 14. Re1 f5 15. Bd2 f4 16. h3 Bxf3 17. exf3 fxg3 18. fxg3 Bxg3 19. Re2 Nf6 20. Be1 Bxe1 21. Qxe1 Nh5 22. Re5 Nf4 23. Rc2 Rf6 24. Qe3 Ref8 25. Kh2 Rg6 26. Bf1 Qh4 27. Qf2 Qf6 28. Qe3 Qh4 29.
Qf2 Qh6 30. Qe3 Rff6 31. Bg2 Rxg2+ 32. Rxg2 Qxh3+ 0-1

[Event "Live Chess"]
[Site "Chess.com"]
[Date "2023.05.21"]
[Round "-"]
[White "Mugzwang"]
[Black "smoggyrabbit"]
[Result "1-0"]
[WhiteElo "1559"]
[BlackElo "1650"]
[TimeControl "300"]
[EndTime "5:56:23 PDT"]
[Termination "Mugzwang won on time"]

1. Nf3 e6 2. g3 f5 3. Bg2 Nf6 4. b3 Be7 5. Bb2 O-O 6. c4 d6 7. Nc3 Ne4 8. Qc2 Nxc3 9. Qxc3 e5 10. d4 exd4 11. Nxd4 Bf6 12. Bd5+ Kh8 13. Qd2 c6 14. Be6 Bxd4 15. Qxd4 Qe7 16. Bxc8 Rxc8 17. O-O Nd7 18. Rad1 Nf6 19. Qxd6 Qxd6 20. Rxd6 Rd8 21. Rfd1 Rxd6 22.
Rxd6 Ne4 23. Rd7 Rg8 24. Rxb7 h6 25. Rxa7 Kh7 26. Rc7 Nf6 27. a4 Ne8 28. Rxc6 1-0

[Event "Live Chess"]
[Site "Chess.com"]
[Date "2023.05.21"]
[Round "-"]
[White "CheckThis4"]
[Black "WelshTiger"]
[Result "1-0"]
[WhiteElo "2519"]
[BlackElo "2302"]
[TimeControl "300"]
[EndTime "5:56:25 PDT"]
[Termination "CheckThis4 won by resignation"]

1. d4 Nf6 2. Bg5 d5 3. Nd2 Bf5 4. Ngf3 e6 5. e3 Be7 6. Nh4 Bg6 7. Nxg6 hxg6 8. Bd3 Nbd7 9. c4 c5 10. cxd5 Nxd5 11. Bxe7 Qxe7 12. dxc5 Nxc5 13. Bb5+ Kf8 14. Rc1 a6 15. Bc4 Nb6 16. Be2 Rd8 17. Qc2 Qd6 18. Qxc5 1-0

[Event "Live Chess"]
[Site "Chess.com"]
[Date "2023.05.21"]
[Round "-"]
[White "ameetghasi100"]
[Black "Berdgross"]
[Result "1-0"]
[WhiteElo "2606"]
[BlackElo "697"]
[TimeControl "300"]
[EndTime "5:56:33 PDT"]
[Termination "ameetghasi100 won on time"]

1. c4 e5 2. d4 exd4 3. Qxd4 Nf6 4. Qe3+ Be7 5. Nc3 O-O 6. h3 b6 7. g4 Bc5 8. Qf3 Nc6 9. e3 Bb7 10. Qd1 Nb4 11. f3 Re8 12. e4 Nc6 13. Nge2 h6 14. Bg2 d6 15. Bf4 g5 16. Bg3 a6 17. b3 b5 18. cxb5 axb5 19. Qd2 b4 20. Nd1 Ba6 21. Nf2 Bxf2+ 22. Bxf2 Bxe2 23. Qxe2 Ne5 24. O-O c5 25. Rad1 Re6 26. Bg3 Qa5 27. Rd2 h5 28.
Rfd1 Rd8 29. Qe3 h4 30. Qxg5+ Kf8 31. Bxh4 Nxf3+ 32. Bxf3 Qb6 33. e5 c4+ 34. Bf2 Qc7 35. exf6 cxb3 36. Qg7+ Ke8 37. Qg8+ Kd7 38. Qxf7+ Kc8 39.
Qxe6+ Rd7 40. Qxb3 1-0

[Event "Live Chess"]
[Site "Chess.com"]
[Date "2023.05.21"]
[Round "-"]
[White "matt1979"]
[Black "viktorskliarov"]
[Result "0-1"]
[WhiteElo "1540"]
[BlackElo "2649"]
[TimeControl "300"]
[EndTime "5:56:45 PDT"]
[Termination "viktorskliarov won by resignation"]

1. f4 g6 2. Nf3 Bg7 3. e3 c5 4.
Bc4 d5 5. Be2 Nc6 6. O-O Nh6 7.
Nc3 O-O 8. d3 d4 9. Ne4 b6 10. Qe1 Nf5 11. Bd1 Nxe3 12. Bxe3 dxe3 13. c3 Qxd3 0-1

[Event "Live Chess"]
[Site "Chess.com"]
[Date "2023.05.21"]
[Round "-"]
[White "LiamClery2020"]
[Black "EdenHazard8"]
[Result "0-1"]
[WhiteElo "1973"]
[BlackElo "1949"]
[TimeControl "300"]
[EndTime "5:56:51 PDT"]
[Termination "EdenHazard8 won by checkmate"]

1. e4 c6 2. d4 d5 3. Nc3 dxe4 4.
Nxe4 Nf6 5. Nxf6+ exf6 6. Nf3 Bd6 7. Bd3 O-O 8. O-O Re8 9. Re1 Nd7 10. Rxe8+ Qxe8 11. c3 Nf8 12. Qc2 Be6 13. Bd2 Qd7 14.
Re1 Bc7 15. Nh4 Qd6 16. Nf3 Bg4 17. h3 Bxf3 18. gxf3 Qh2+ 19. Kf1 Qxh3+ 20. Ke2 Re8+ 21. Kd1 Qxf3+ 22. Be2 Qxf2 23. Qd3 Qg3 24. Qf5 Qg6 25. Qf2 Qb1+ 26. Bc1 Qxa2 27. Rh1 Qb3+ 28. Kd2 Qe6 29.
Bd3 Qg4 30. Kc2 Qg3 31. Qd2 Bf4 32. Qxf4 Qg2+ 33. Bd2 Qxh1 34. Qf5 Qd5 35. Qg4 Ng6 36. c4 Qe6 37. Qg2 f5 38. d5 cxd5 39. cxd5 Qd7 40.
Bc3 f4 41. Qf2 Qg4 42. Qxa7 f3 43. Qxb7 f2 44. Qd7 Re2+ 45. Bxe2 Qxe2+ 46. Kb3 f1=Q 47. Qd8+ Nf8 48. Bb4 Qc4+ 49. Ka3 Qfd3+ 50. Ka4 Qdb3+ 51. Ka5 Qcxb4+ 52. Ka6 Qb5+ 53. Ka7 Qb7# 0-1

[Event "Live Chess"]
[Site "Chess.com"]
[Date "2023.05.21"]
[Round "-"]
[White "KeithArkell"]
[Black "quantum_void"]
[Result "1-0"]
[WhiteElo "2476"]
[BlackElo "1499"]
[TimeControl "300"]
[EndTime "5:56:53 PDT"]
[Termination "KeithArkell won by resignation"]

1. d4 e6 2. Nf3 d5 3. c4 Nf6 4.
cxd5 Nxd5 5. Nc3 Bb4 6. Bd2 Bxc3 7. bxc3 O-O 8. e4 Nf6 9. Bd3 c5 10. e5 Nd5 11. Bxh7+ Kh8 12. Ng5 f6 13. Qh5 fxg5 14. Bg6+ 1-0

[Event "Live Chess"]
[Site "Chess.com"]
[Date "2023.05.21"]
[Round "-"]
[White "Nazar_777"]
[Black "LL220284LL"]
[Result "0-1"]
[WhiteElo "1563"]
[BlackElo "2281"]
[TimeControl "300"]
[EndTime "5:56:56 PDT"]
[Termination "LL220284LL won by checkmate"]

1. e3 e6 2. h4 d5 3. a3 Be7 4. c4 Bxh4 5. cxd5 Be7 6. dxe6 Bxe6 7. Nf3 Nf6 8. Nc3 c5 9. Qc2 Nc6 10. Be2 Rc8 11. b3 Nd4 12. Nxd4 cxd4 13. Bb2 dxc3 14. Bxc3 Nd5 15. Rc1 Nxc3 16. dxc3 Bf6 17. c4 Qa5+ 18. b4 Qxa3 19. c5 Qxb4+ 20. Kf1 h6 21. Bf3 O-O 22.
g4 Bxg4 23. Bxg4 Qxg4 24. Rg1 Qh3+ 25. Ke2 Rfd8 26. Rg3 Qh5+ 27. f3 Qh2+ 28. Kf1 Qxg3 29. f4 Qxe3 30. Qg2 Qxc1+ 31. Kf2 Rd2+ 32. Kf3 Rxg2 33.
Kxg2 Rd8 34. Kf3 Rd2 35. Kg4 Qg1+ 36. Kf5 Qg6# 0-1